 Dungeon Sprint DCSS version 0.22-a0-367-gb72a975701 (webtiles) character file.

42 KillingSpree the Ruffian (level 3, 0/39 HPs)
             Began as a Troll Berserker on Apr 22, 2018.
             Was a Believer of Trog.
             Slain by a sky beast (5 damage)
             ... in the Dungeon (Sprint IX: "|||||||||||||||||||||||||||||").
             The game lasted 00:00:17 (41 turns).

KillingSpree the Ruffian (Troll Berserker)            Turns: 41, Time: 00:00:17

Health: 0/39       AC:  5    Str: 25    XL:     3   Next: 33%
Magic:  2/2        EV: 11    Int:  3    God:    Trog [**....]
Gold:   0          SH:  0    Dex: 10    Spells: 2/2 levels left

rFire    . . .     SeeInvis .     - Unarmed
rCold    . . .     Gourm    +   (no shield)
rNeg     . . .     Faith    .   a - +0 animal skin
rPois    .         Spirit   .   (helmet restricted)
rElec    .         Reflect  .   (no cloak)
rCorr    .         Harm     .   (gloves unavailable)
MR       .....     NoTele   +   (boots unavailable)
Stlth    +.........             (no amulet)
HPRegen  0.53/turn              (no ring)
MPRegen  0.08/turn              (no ring)

@: berserk cooldown, slowed, very slow
A: large, unfitting armour, claws 3, fast metabolism 3, gourmand, regeneration
1, shaggy fur 1, tough skin 2
a: Berserk, Trog's Hand, Renounce Religion


You were in the Dungeon.
You worshipped Trog.
Trog was pleased with you.
You were not hungry.

You visited 1 branch

Inventory:

Armour
 a - a +0 animal skin (worn)
Scrolls
 h - a scroll of blinking
Potions
 c - a potion of curing
 d - a potion of heal wounds
 e - a potion of haste
 f - 2 potions of magic
 g - a potion of berserk rage
Comestibles
 b - 2 rations


   Skills:
 + Level 3.7 Fighting
 * Level 2.3 Throwing
 + Level 3.6 Dodging
 + Level 4.6 Unarmed Combat


You had 2 spell levels left.
You didn't know any spells.

Dungeon Overview and Level Annotations

Branches:
Dungeon (1/1)

Altars:


Innate Abilities, Weirdness & Mutations

You are too large for most types of armour.
You have claws for hands.
Your metabolism is lightning-fast.
You like to eat raw meat.
Your natural rate of healing is unusually fast.
You are covered in fur. (AC +1)
You have very tough skin. (AC +2)


Message History

The orc wizard mumbles some strange words.
The orc wizard blinks!
You barely miss the sky beast.
The sky beast is almost dead.
The orc wizard gestures wildly while chanting.
The orc wizard blinks!
The sky beast flickers out of sight!
Deactivating autopickup; reactivate with Ctrl-A.
Something hits you but does no damage.
You closely miss something.
You are no longer berserk.
You are exhausted.
You feel yourself slow down.
The orc wizard points at you and mumbles some strange words.
You resist with significant effort.
You miss something. Something hits you. Something shocks you.
* * * LOW HITPOINT WARNING * * *
Something hits you.
* * * LOW HITPOINT WARNING * * *
Something shocks you.
You die...

▓+▓
▓.▓
▓.▓
▓Y▓
▓a▓
▓{▓
▓@▓
▓.▓
▓§▓
▓÷▓
▓o▓
▓)▓
▓'▓
▓.▓
▓.▓


You could see an ice beast, a worker ant and an orc wizard.

Vanquished Creatures
  A howler monkey (D)
  A hobgoblin (D)
  A bat (D)
  A kobold (D)
  2 rats (D)
6 creatures vanquished.

Notes
Turn   | Place    | Note
-------+----------+-------------------------------------------
     0 | D        | KillingSpree the Troll Berserker began the quest for the Orb.
     0 | D        | Reached XP level 1. HP: 22/22 MP: 0/0
     8 | D        | Reached ** piety under Trog
    12 | D        | Reached skill level 1 in Throwing
    25 | D        | Noticed an ice beast
    25 | D        | Noticed an orc wizard
    25 | D        | Noticed a worker ant
    25 | D        | Noticed a sky beast
    25 | D        | Noticed a howler monkey
    28 | D        | Killed a howler monkey
    28 | D        | Reached skill level 4 in Unarmed Combat
    28 | D        | Reached XP level 2. HP: 30/32 MP: 1/1
    28 | D        | Reached XP level 3. HP: 36/39 MP: 2/2
    41 | D        | Slain by a sky beast

Vault maps used:
D:        linesprint

Skill      XL: |  1 |
---------------+----+-----
Throwing       | 2 |  2.3
Fighting       | 3 |  3.7
Dodging        | 3 |  3.6
Unarmed Combat | 4 |  4.6

Action                   || total
-------------------------++-------
Melee: Unarmed           ||    20
       Punch             ||     1
Invok: Berserk           ||     1
  Eat: Chunk             ||     1
Armor: Animal skin       ||     5
Dodge: Dodged            ||     3

Table legend:
 A = Spawn XP
 B = Non-spawn XP
 C = Spawn XP percentage of total XP
 D = Spawn monster count
 E = Non-spawn monster count
 F = Spawn count percentage of total count
 G = Total turns spent on level
                    A         B        C        D         E        F      G
               +---------+---------+-------+---------+---------+-------+---------
         Total |       0 |      60 |   0.0 |       0 |       6 |   0.0 |    41
               +---------+---------+-------+---------+---------+-------+---------
             D |       0 |      60 |   0.0 |       0 |       6 |   0.0 |    41
               +---------+---------+-------+---------+---------+-------+---------
